 Dungeon Crawl Stone Soup version 0.31-a0-564-g3b7de120b3 (webtiles) character file.

Game seed: 8071369751435978009

36022 zazu2006 the Unseen (level 13, -6/109 (117) HPs)
             Began as a Naga Hedge Wizard on Aug 18, 2023.
             Was a Priest of Vehumet.
             Shot with an arrow by an orc warrior (14 damage)
             ... on level 2 of the Orcish Mines.
             The game lasted 00:58:06 (18386 turns).

zazu2006 the Unseen (Naga Hedge Wizard)            Turns: 18386, Time: 00:58:08

HP:   -6/109 (117)  AC: 16    Str: 16    XL:     13   Next: 87%
MP:   33/43         EV: 11    Int: 24    God:    Vehumet [***...]
Gold: 2528          SH:  6    Dex: 16    Spells: 11/29 levels left

rFire   + + .        J - +3 dagger of the Cursing Augurer {venom, rF+ Will+ Dex+5 Stlth-}
rCold   + . .        m - +0 buckler
rNeg    . . .        H - +1 robe {rC+ rF+}
rPois   +            k - +1 helmet
rElec   .            t - +0 cloak
rCorr   .            p - +2 pair of gloves
SInv    +            g - +0 barding of the Illusory Seas {Drain Regen+ Str+2}
Will    ++...        w - amulet of magic regeneration
Stlth   +++++        E - ring of Ystut {MP+9 Int+6}
HPRegen 1.18/turn    K - ring of magical power
MPRegen 0.68/turn

%: no passive effects
@: lethally poisoned (-6 -> -25), on blink cooldown, drained, very slow
A: AC +4, large, see invisible, deformed body, poison resistance, slowness 2,
spit poison 1, naga tail 2
a: Spit Poison, Renounce Religion


You were on level 2 of the Orcish Mines.
You worshipped Vehumet.
Vehumet was most pleased with you.
You visited 4 branches of the dungeon, and saw 17 of its levels.
You also visited: Sewer and Volcano.

You collected 2528 gold pieces.

Inventory:

Hand Weapons
 a - a +1 spear of flaming
 r - the +5 woodcutter's axe
   (You found it on level 3 of the Dungeon)
 J - the +3 dagger of the Cursing Augurer (weapon) {venom, rF+ Will+ Dex+5 Stlth-}
   (You found it on level 8 of the Dungeon)

   Dex+5:     It affects your dexterity (+5).
   rF+:       It protects you from fire.
   Will+:     It increases your willpower.
   Stlth-:    It makes you less stealthy.
 M - a +2 long sword of holy wrath
Missiles
 c - 87 poisoned darts
 y - 4 curare-tipped darts
Armour
 g - the +0 barding of the Illusory Seas (worn) {Drain Regen+ Str+2}
   (You acquired it on level 9 of the Dungeon)

   Str+2:     It affects your strength (+2).
   Regen+:    It increases your rate of health regeneration.
   Drain:     It drains your maximum health when unequipped.
 k - a +1 helmet (worn)
 m - a +0 buckler (worn)
 p - a +2 pair of gloves (worn)
 t - a +0 cloak (worn)
 D - a +2 ring mail of cold resistance
 H - a +1 robe of resistance (worn)
Jewellery
 f - an amulet of faith
 q - a +5 ring of evasion
 w - an amulet of magic regeneration (around neck)
 E - the ring of Ystut (left hand) {MP+9 Int+6}
   (You acquired it on level 6 of the Dungeon)

   [ring of intelligence]

   Int+6:     It affects your intelligence (+6).
   MP+9:      It affects your magic capacity (+9).
 K - a ring of magical power (right hand)
 N - a ring of fire
Wands
 i - a wand of mindburst (2)
 u - a wand of polymorph (13)
 A - a wand of flame (28)
 G - a wand of roots (2)
 I - a wand of charming (8)
Scrolls
 e - 5 scrolls of noise
 j - 2 scrolls of poison {unknown}
 l - a scroll of fog
 v - a scroll of teleportation
 L - a scroll of revelation {unknown}
Potions
 b - a potion of invisibility {unknown}
 d - a potion of magic
 h - 9 potions of curing
 n - 2 potions of attraction {unknown}
 o - 4 potions of might
 s - a potion of degeneration {unknown}
 z - 2 potions of cancellation {unknown}
 B - 4 potions of resistance {unknown}
 C - 3 potions of brilliance {unknown}
 F - 2 potions of lignification
 O - a potion of ambrosia {unknown}


   Skills:
 + Level 7.6 Fighting
 - Level 4.6 Short Blades
 + Level 7.7 Dodging
 + Level 15.7 Stealth
 + Level 6.6 Shields
 + Level 8.9 Spellcasting
 + Level 7.6 Conjurations
 + Level 1.0 Summonings
 + Level 1.1 Translocations
 + Level 6.3 Ice Magic
 + Level 5.4 Air Magic
 + Level 6.6 Poison Magic
 + Level 1.8 Evocations


You had 11 spell levels left.
You knew the following spells:

 Your Spells              Type           Power      Damage    Failure   Level
a - Magic Dart            Conj           100%       1d8       1%          1
b - Mephitic Cloud        Conj/Pois/Air  42%        N/A       1%          3
c - Blink                 Tloc           32%        N/A       7%          2
d - Freezing Cloud        Conj/Ice/Air   20%        6-21      4%          5
e - Airstrike             Air            18%        2d(3-19)  2%          4
f - Stone Arrow           Conj/Erth      58%        3d10      1%          3

Your spell library contained the following spells:

 Spells                   Type           Power      Damage    Failure   Level
 Hailstorm                Conj/Ice       44%        3d10      1%          3
 Foxfire                  Conj/Fire      100%       2x1d9     1%          1
 Sting                    Tmut/Pois      100%       1d8       1%          1
 Cigotuvi's Dreadful Rot  Necr/Pois/Air  60%        N/A       1%          2
 Momentum Strike          Conj/Tloc      62%        3d9       1%          2
 Poisonous Vapours        Pois/Air       78%        N/A       1%          2
 Searing Ray              Conj           94%        2d7       1%          2
 Static Discharge         Conj/Air       84%        2-6/arc   1%          2
 Olgreb's Toxic Radiance  Pois           42%        N/A       1%          4
 Flame Wave               Conj/Fire      29%        2d9       4%          4
 Fulminant Prism          Conj/Hex       14%        3d8       4%          4
 Sticky Flame             Conj/Fire      29%        2d5       4%          4
 Inner Flame              Hex/Fire       10%        N/A       6%          3
 Call Imp                 Summ           30%        N/A       7%          2
 Lesser Beckoning         Tloc           32%        N/A       7%          2
 Necrotise                Necr           40%        1d6       8%          1
 Slow                     Hex            40%        N/A       8%          1
 Gell's Gravitas          Tloc           16%        N/A       13%         3
 Teleport Other           Tloc           16%        N/A       13%         3
 Summon Guardian Golem    Hex/Summ       13%        N/A       19%         3
 Summon Lightning Spire   Summ/Air       26%        N/A       19%         4
 Metabolic Englaciation   Hex/Ice        13%        N/A       47%         5
 Starburst                Conj/Fire      14%        6d6       50%         6
 Anguish                  Hex/Necr       5%         N/A       58%         4
 Animate Dead             Necr           10%        N/A       58%         4
 Plasma Beam              Fire/Air       11%        2x1d22    63%         6
 Spellforged Servitor     Conj/Summ      15%        N/A       92%         7


Dungeon Overview and Level Annotations

Branches:
Dungeon (12/15)            Temple (1/1) D:4            Lair (2/5) D:11
 Spider (0/4) Lair:2          Orc (2/2) D:12          Sewer (visited)
Volcano (visited)
  Swamp: Lair:2-3    Shoals: Lair:2-3       Elf: Orc:2

Altars:
Ashenzari
Cheibriados
Dithmenos
Elyvilon
Fedhas
Gozag
Hepliaklqana
Kikubaaqudgha
Makhleb
Nemelex Xobeh
Okawaru
Qazlal
Ru
Sif Muna
Trog
Uskayaw
Vehumet
Wu Jian
Xom
Yredelemnul
Zin
The Shining One

Shops:
Orc:1 *

Annotations:
D:10 exclusion: oklob plant
Lair:2 dxb338's ghost, journeyman FeSh


Innate Abilities, Weirdness & Mutations

Your serpentine skin is tough. (AC +4)
You have supernaturally acute eyesight. (SInv)
Armour fits poorly on your strangely shaped body.
Your system is resistant to poisons. (rPois)
You cover ground very slowly.
You can spit poison.
You can use your snake-like lower body to constrict enemies.


Message History

The orc warlord seems less confused.
The orc warlord roars a battlecry!
The orc warrior goes into a battle-frenzy!
The troll is engulfed in freezing vapours. x2
The troll bites you. The troll claws you but does no damage.
The troll closely misses you.
You closely miss the troll. Your grab misses the troll.
The troll is almost dead.
Unknown command.
Casting: Freezing Cloud (dangerous; 4% risk of failure)
Confirm with . or Enter, or press ? or * to list all spells.
Aiming: Mephitic Cloud (safe; 1% risk of failure)
Press: ? - help, Shift-Dir - straight line, f - orc warlord
Aim: an orc warlord, wielding a +1 halberd of venom and wearing a +0 chain mail (severely wounded, very poisoned, chance to affect: 29%)
The ball explodes into a vile cloud!
The stinking cloud engulfs the orc warlord but does no damage.
The orc warlord is severely wounded.
The orc warlord is engulfed in noxious fumes.
The troll is engulfed in freezing vapours.
You kill the troll!
Vehumet accepts your kill.
The orc warrior shoots an arrow.
The arrow misses you.
Unknown command.
The orc warlord is engulfed in freezing vapours.
The orc warlord hits you with a +1 halberd of venom!!
You are poisoned.
The orc warrior shoots an arrow.
You block the arrow.
The orc warlord is engulfed in freezing vapours.
The orc warlord hits you with a +1 halberd of venom!!
* * * LOW HITPOINT WARNING * * *
The orc warrior shoots an arrow.
The arrow barely misses you.
Okay, then.
Casting: Mephitic Cloud (safe; 1% risk of failure)
Confirm with . or Enter, or press ? or * to list all spells.
You blink.
You are engulfed in freezing vapours.
You resist.
* * * LOW HITPOINT WARNING * * *
x2 You feel extremely sick.
The orc warlord is engulfed in freezing vapours.
The orc warrior shoots an arrow.
The arrow hits you!
You die...

#......#####.......#
##.....###.#......##
#...§.§###......##
##...§§§#......##
##..§☼☼o.....##
##.#§§....###
###o....###
###..§...#.##
#.#...@.....##
##...)........##
##..............##
##......##........##
#.....#####.<......#
#.......####......##
###
#####...##.......##
##.## #....#......##
##...# #.....[....##


You could see an orc warlord (very poisoned) and an orc warrior (strong).

Vanquished Creatures
  6 two-headed ogres
  2 boulder beetles
  A dancing weapon (Volcano)
  Amaemon (D:8)
  An orb spider (Lair:2)
  5 wizards (Volcano)
  Pikel (D:5)
  2 orc knights (Orc:2)
  2 manticores
  2 orc sorcerers (Orc:2)
  2 cyclopes
  A moth of wrath (shapeshifter) (D:9)
  5 toenail golems (Volcano)
  3 black mambas
  5 cane toads
  A torpor snail (Lair:1)
  Jeremiah (D:8)
  An orange demon (D:8)
  A rime drake (Lair:2)
  2 kobold demonologists (D:9)
  A komodo dragon (Lair:2)
  Psyche (D:8)
  A troll (Orc:2)
  6 blink frogs
  4 slime creatures (D:12)
  Sigmund (D:3)
  2 shadows
  A vampire (D:9)
  A wraith (D:12)
  5 wyverns
  41 yaks
  2 steam dragons
  Eustachio (D:4)
  2 basilisks
  2 wargs (Orc:2)
  4 water moccasins
  2 acid dragons
  8 orc warriors
  2 ice beasts (D:7)
  3 black bears
  3 sky beasts
  5 ogres
  4 centaurs
  A lemure (D:5)
  3 phantoms
  11 kobold brigands
  6 bullfrogs
  A gnoll sergeant (D:3)
  3 scorpions
  4 killer bees
  4 howler monkeys
  2 electric eels (Lair:2)
  A crimson imp (D:3)
  A wyvern simulacrum (D:9)
  5 hounds
  10 orc priests
  3 jellies
  Jessica (D:2)
  2 gnoll boudas
  Natasha (twice) (D:2)
  6 iguanas
  A sleepcap (D:4)
  12 orc wizards
  Robin (D:2)
  22 gnolls
  A river rat (Sewer)
  7 adders
  2 shadow imps
  A white imp (D:6)
  6 worms
  4 dart slugs
  42 orcs
  13 ball pythons
  5 bats
  7 endoplasms
  2 giant cockroaches
  15 goblins
  12 hobgoblins
  3 jackals (D:4)
  35 kobolds
  2 quokkas (D:5)
  4 frilled lizards
  2 goblin zombies (D:3)
  3 hobgoblin zombies (D:3)
  A kobold skeleton (D:3)
  A kobold zombie (D:3)
  An orc skeleton (D:3)
  An orc zombie (D:3)
  9 rats
428 creatures vanquished.

Vanquished Creatures (collateral kills)
  A troll (D:8)
  3 killer bees (D:9)
4 creatures vanquished.

Vanquished Creatures (others)
  An ugly thing (D:8)
  A sky beast (D:6)
2 creatures vanquished.

Grand Total: 434 creatures vanquished

Notes
Turn   | Place    | Note
-------+----------+-------------------------------------------
     0 | D:1      | zazu2006 the Naga Hedge Wizard began the quest for the Orb.
     0 | D:1      | Reached XP level 1. HP: 15/15 MP: 4/4
   425 | D:1      | Reached XP level 2. HP: 18/22 MP: 0/6
  1362 | D:2      | Noticed Robin
  1373 | D:1      | Reached XP level 3. HP: 17/28 MP: 8/8
  1620 | D:2      | Noticed Jessica
  1623 | D:2      | Killed Jessica
  1624 | D:2      | Reached XP level 4. HP: 36/36 MP: 6/9
  1680 | D:2      | Killed Robin
  2346 | D:2      | Found a faded altar of an unknown god.
  2359 | D:2      | Reached XP level 5. HP: 40/43 MP: 8/11
  2688 | D:2      | Noticed Natasha
  2699 | D:2      | Killed Natasha
  2940 | D:2      | Noticed Natasha
  2950 | D:2      | Killed Natasha
  3292 | D:3      | Learned a level 3 spell: Mephitic Cloud
  3295 | D:3      | Learned a level 2 spell: Blink
  3301 | D:3      | Learned a level 5 spell: Freezing Cloud
  3378 | D:3      | Reached skill level 1 in Short Blades
  3378 | D:3      | Reached XP level 6. HP: 50/50 MP: 6/12
  3592 | D:3      | Noticed Sigmund
  3603 | D:3      | Killed Sigmund
  3604 | D:3      | Reached skill level 1 in Fighting
  3604 | D:3      | Reached skill level 4 in Stealth
  3933 | D:3      | Found the +5 woodcutter's axe
  3957 | D:3      | Reached XP level 7. HP: 11/58 MP: 8/14
  4207 | D:3      | Found a glowing golden altar of the Shining One.
  4401 | D:3      | Found a faded altar of an unknown god.
  4401 | D:3      | Found a faded altar of an unknown god.
  4403 | D:3      | Found a hazy altar of Hepliaklqana.
  4621 | D:4      | Reached skill level 5 in Spellcasting
  4754 | D:4      | Noticed Eustachio
  4780 | D:4      | Killed Eustachio
  4781 | D:4      | Reached skill level 5 in Stealth
  4781 | D:4      | Reached skill level 1 in Shields
  5065 | D:4      | Reached XP level 8. HP: 68/68 MP: 15/15
  5130 | D:4      | Found a shimmering altar of Xom.
  5409 | D:4      | Found a staircase to the Ecumenical Temple.
  5462 | Temple   | Entered the Ecumenical Temple
  5867 | D:5      | Entered Level 5 of the Dungeon
  6434 | D:5      | Noticed Pikel
  6456 | D:5      | Killed Pikel
  6457 | D:5      | Reached XP level 9. HP: 39/79 MP: 15/17
  7003 | D:6      | Reached skill level 6 in Stealth
  7003 | D:6      | Reached skill level 1 in Air Magic
  7003 | D:6      | Reached skill level 1 in Poison Magic
  7008 | D:6      | Identified 3 scrolls of acquirement
  7097 | D:6      | Found a glowing silver altar of Zin.
  7111 | D:6      | Found a white marble altar of Elyvilon.
  7183 | D:6      | Found Jugiav's General Store.
  7225 | D:6      | Found an opulent altar of Gozag.
  7431 | D:6      | Found a hide-covered altar of Uskayaw.
  7462 | D:6      | Found a glowing drain.
  7469 | Sewer    | Entered a sewer
  7800 | Sewer    | Reached skill level 7 in Stealth
  8374 | D:6      | Reached skill level 5 in Fighting
  8481 | D:6      | Noticed a two-headed ogre
  8486 | D:6      | Reached skill level 8 in Stealth
  8495 | D:6      | Reached skill level 5 in Dodging
  8516 | D:6      | Reached XP level 10. HP: 29/88 MP: 5/19
  8517 | D:6      | Killed a two-headed ogre
  8518 | D:6      | Reached skill level 9 in Stealth
  9037 | D:6      | Acquired the ring of Ystut {MP+9 Int+6}
  9302 | D:7      | Reached skill level 5 in Conjurations
  9400 | D:7      | Found an iron altar of Okawaru.
  9437 | D:7      | Reached skill level 10 in Stealth
  9437 | D:7      | Reached skill level 5 in Shields
  9930 | D:7      | Identified the +9 plate armour of Duxise {rF+ Stlth+}
 10034 | D:8      | Noticed an orange demon
 10036 | D:8      | Noticed Amaemon
 10052 | D:8      | Killed Amaemon
 10060 | D:8      | Killed an orange demon
 10225 | D:8      | Noticed Psyche
 10238 | D:8      | Killed Psyche
 10397 | D:8      | Noticed Jeremiah
 10433 | D:8      | Killed Jeremiah
 10434 | D:8      | Reached XP level 11. HP: 92/97 MP: 21/21
 10851 | D:8      | Identified the +3 dagger of the Cursing Augurer {venom, rF+
                  | Will+ Dex+5 Stlth-}
 10890 | D:9      | Noticed a white ugly thing
 10899 | D:9      | a komodo dragon changed into a moth of wrath
 10899 | D:9      | Noticed a moth of wrath (shapeshifter)
 10902 | D:9      | Killed a moth of wrath
 10928 | D:9      | Noticed a two-headed ogre
 10937 | D:9      | Killed a two-headed ogre
 10954 | D:9      | Learned a level 4 spell: Airstrike
 10964 | D:9      | Identified the +5 morningstar "Emutig" {vamp, Int+2}
 10977 | D:8      | Reached skill level 11 in Stealth
 11396 | D:9      | Noticed a manticore
 11720 | D:9      | Noticed a sixfirhy
 11889 | D:9      | Noticed a boulder beetle
 11923 | D:9      | Acquired 1084 gold pieces
 11925 | D:9      | Acquired the +0 barding of the Illusory Seas {Drain Regen+
                  | Str+2}
 11958 | D:10     | Entered Level 10 of the Dungeon
 12029 | D:10     | Reached skill level 1 in Evocations
 12111 | D:10     | Reached skill level 12 in Stealth
 12206 | D:10     | Noticed a manticore
 12219 | D:10     | Killed a manticore
 12413 | D:10     | Found a blossoming altar of Fedhas.
 12425 | D:10     | Noticed an oklob plant
 12616 | D:11     | Noticed a cyclops
 12622 | D:11     | Noticed a boulder beetle
 12852 | D:9      | Killed a boulder beetle
 12853 | D:9      | Reached skill level 5 in Poison Magic
 12853 | D:9      | Reached XP level 12. HP: 84/106 MP: 18/23
 12948 | D:9      | Found a radiant altar of Vehumet.
 12950 | D:9      | Found a stormy altar of Qazlal.
 12953 | D:9      | Found a shimmering blue altar of Sif Muna.
 12957 | D:9      | Found a broken altar of Ashenzari.
 12964 | D:9      | Became a worshipper of Vehumet
 13028 | D:9      | Got the Parchment of Amalgamated Darkness
 13367 | D:11     | Noticed a two-headed ogre
 13383 | D:11     | Killed a two-headed ogre
 13432 | D:11     | Noticed a two-headed ogre
 13436 | D:11     | Killed a two-headed ogre
 13679 | D:11     | Reached skill level 13 in Stealth
 13705 | D:11     | Found a staircase to the Lair.
 13904 | D:11     | Killed a boulder beetle
 14191 | Lair:1   | Entered Level 1 of the Lair of Beasts
 14672 | Lair:1   | Reached skill level 1 in Ice Magic
 14824 | Lair:1   | Reached * piety under Vehumet
 14824 | Lair:1   | Offered knowledge of Kiss of Death by Vehumet.
 15278 | Lair:2   | Got Xuwkapri's Precepts of Imprecation and the Mortuary
 15371 | Lair:2   | Found a dark tunnel.
 15380 | Volcano  | Entered a volcano
 15392 | Volcano  | Reached skill level 14 in Stealth
 15392 | Volcano  | Reached skill level 5 in Air Magic
 15429 | Volcano  | Gained mutation: You can use your snake-like lower body to
                  | constrict enemies. [Naga growth]
 15429 | Volcano  | Reached XP level 13. HP: 115/115 MP: 25/25
 15952 | Lair:2   | Found a hole to the Spider Nest.
 15959 | Lair:2   | Reached skill level 5 in Ice Magic
 15981 | Lair:2   | Reached ** piety under Vehumet
 15981 | Lair:2   | Offered knowledge of Sandblast by Vehumet.
 16366 | Lair:2   | Found a runed translucent door.
 16371 | Lair:2   | Noticed dxb338's ghost (journeyman FeSh)
 16440 | Lair:2   | Reached skill level 15 in Stealth
 17576 | D:12     | Found a staircase to the Orcish Mines.
 17698 | Orc:1    | Entered Level 1 of the Orcish Mines
 17710 | D:12     | Offered knowledge of Stone Arrow by Vehumet.
 17718 | D:12     | Learned a level 3 spell: Stone Arrow
 17853 | Orc:2    | Entered Level 2 of the Orcish Mines
 18079 | Orc:1    | Noticed an orc warlord
 18079 | Orc:1    | Found Botidgh's Bounteous Boutique.
 18108 | Orc:2    | Reached *** piety under Vehumet
 18326 | Orc:2    | Offered knowledge of Hailstorm by Vehumet.
 18386 | Orc:2    | Shot with an arrow by an orc warrior

Illustrated notes

Levels and vault maps discovered:
D:1:      heliophobic_arrival_enchanted_forest, layout_loops_corners,
          minmay_pentomino_z2
D:2:      layout_loops_ring, hellmonk_ecumenical_altar_inner_sanctum,
          uniq_jessica, uniq_robin, uniq_natasha
D:3:      layout_basic, nicolae_tso_besieged_by_evil,
          nicolae_hepliaklqana_ecumenical_no_more, pf_guarded_unrand_woodcutter,
          uniq_sigmund
D:4:      layout_cave_pods, kennysheep_mini_moat, minmay_temple_entry_ruins,
          uniq_eustachio
D:5:      layout_basic, uniq_pikel
D:6:      cheibrodos_barr_body, layout_basic,
          nicolae_gozag_cash_rules_everything_around_me,
          mainiacjoe_overflow_boulevard, mainiacjoe_overflow_large_starburst,
          portal_sewer_entry_e, serial_shops, nicolae_shop_hallway_stairs
D:7:      layout_basic, mainiacjoe_overflow_small_starburst
D:8:      layout_loops_ring, uniq_amaemon, uniq_jeremiah, uniq_psyche
D:9:      minmay_the_grid_plus [minmay_the_grid_tree,
          minmay_the_grid_outer_diamond, minmay_the_grid_zigzag_pyramid,
          minmay_the_grid_minigrid_small,
          minmay_the_grid_prize_four_corners_diamond_a], layout_basic,
          nicolae_overflow_macrodata_refinement
D:10:     layout_basic, tgw_fedhas
D:11:     layout_layer_cave, lair_entry_dummy
D:12:     layout_irregular_city, orc_0_dummy
Temple:   dpeg_three_leaves_temple
Lair:1:   layout_cave_pods
Lair:2:   layout_long_grid, nicolae_spider_entry_orb_guardian, enter_volcano_1,
          ebering_ghost_reflecting_pool, serial_bayou_shore_a
Orc:1:    layout_caves, nicolae_alphabet_shops
Orc:2:    st_orc_congregation, layout_diamond_mine

Skill      XL: |  1  2  3  4  5  6  7  8  9 10 11 12 13 |
---------------+----------------------------------------+-----
Dodging        | 2 3 4 5 6 7 |  7.7
Spellcasting   | 4 5 6 7 8 |  8.9
Conjurations   | 2 3 4 5 6 7 |  7.6
Short Blades   | 1 2 3 4 |  4.6
Fighting       | 1 2 4 5 6 7 |  7.6
Stealth        | 4 5 8 10 12 14 15 | 15.7
Shields        | 1 3 4 5 6 |  6.6
Air Magic      | 2 3 4 5 |  5.4
Poison Magic   | 1 3 5 6 |  6.6
Evocations     | 1 |  1.8
Ice Magic      | 3 6 |  6.3
Summonings     | |  1.0
Translocations | |  1.1

Action                     |  1- 3 |  4- 6 |  7- 9 | 10-12 | 13-15 || total
---------------------------+-------+-------+-------+-------+-------++-------
  Melee: Dagger            |     3 |   126 |   432 |   566 |   293 ||  1420
         Punch             |       |       |     6 |     2 |       ||     8
         Morningstar       |       |       |       |     2 |       ||     2
         Constrict         |       |       |       |       |    48 ||    48
         Long sword        |       |       |       |       |    10 ||    10
   Cast: Magic Dart        |    66 |    61 |    66 |    20 |     6 ||   219
         Mephitic Cloud    |       |     1 |    14 |    73 |    37 ||   125
         Airstrike         |       |       |       |    11 |       ||    11
         Blink             |       |       |       |     3 |     5 ||     8
         Freezing Cloud    |       |       |       |     1 |     5 ||     6
Ability: Spit Poison       |     9 |     8 |     3 |     5 |       ||    25
  Evoke: Wand              |       |       |       |    15 |     5 ||    20
    Use: Scroll            |       |       |    10 |    12 |     4 ||    26
         Potion            |       |       |       |     5 |       ||     5
   Stab: Sleeping          |       |       |    14 |    11 |    13 ||    38
         Distracted        |       |       |     1 |       |       ||     1
         Confused          |       |       |     6 |    50 |    22 ||    78
 Armour: Robe              |     4 |    28 |   140 |   236 |   102 ||   510
  Dodge: Dodged            |    14 |    57 |   225 |   300 |   127 ||   723
  Block: Buckler           |       |       |       |   107 |    61 ||   168

Table legend: (Time is in decaauts)
 A = Elapsed time spent in this place.
 B = Non-inter-level travel time spent in this place.
 C = Inter-level travel time spent in this place.
 D = Time resting spent in this place.
 E = Time spent auto-exploring this place.
 F = Levels seen in this place.
 G = Mean time per level.
                   A        B        C        D        E       F      G
               +--------+--------+--------+--------+--------+-----+--------+
         Total |  22714 |  21749 |    965 |    789 |  15708 |  19 | 1195.5 |
       Dungeon |  17467 |  16653 |    814 |    645 |  12409 |  12 | 1455.6 |
        Temple |     29 |     18 |     11 |      0 |      0 |   1 |   29.0 |
          Lair |   2915 |   2790 |    125 |     56 |   2032 |   2 | 1457.5 |
  Orcish Mines |    806 |    793 |     13 |     64 |    436 |   2 |  403.0 |
         Sewer |   1017 |   1017 |      0 |      0 |    690 |   1 | 1017.0 |
       Volcano |    477 |    477 |      0 |     24 |    140 |   1 |  477.0 |
               +--------+--------+--------+--------+--------+-----+--------+

Top non-repeatable levels by time:
     D:2: 2173 daAuts
     D:8: 1702 daAuts
     D:4: 1664 daAuts
     D:3: 1661 daAuts
     D:6: 1647 daAuts
     D:1: 1638 daAuts
  Lair:2: 1511 daAuts
  Lair:1: 1404 daAuts
     D:5: 1351 daAuts
     D:9: 1313 daAuts
    D:11: 1297 daAuts
    D:12: 1118 daAuts
   Sewer: 1017 daAuts
     D:7: 964 daAuts
    D:10: 934 daAuts
